Map: Equilibrium LE

Players

XiitOnXi - Winner!

  • Race: Zerg Zerg
  • League: Diamond
  • Spawn Location: 1:00

Subwayeatn

  • Race: Zerg Zerg
  • League: Platinum
  • Spawn Location: 11:00

VOD

Have the link to the VOD?

Description

Time

  • Played on: Oct. 21, 2023, 5:03 p.m.
  • Length: 4:42
Show
View Real Time Build Order
Export as new Build Order

XiitOnXi Zerg - Winner!

Build Orders: Hatch First 

Get SALT Encoding   

  12  0:00  Drone  
  13  0:12  Overlord  
  13  0:16  Drone  
  14  0:30  Drone x2  
  14  0:34  Drone  
  17  0:52  Hatchery  
  17  0:55  Drone  
  17  1:01  Drone  
  18  1:04  Extractor  
  17  1:15  Spawning Pool  
  16  1:25  Drone  
  16  1:26  Drone  
  18  1:34  Drone  
  19  1:47  Overlord  
  19  2:02  Zergling x4  
  19  2:03  Queen  
  19  2:04  Queen  
  19  2:06  Zergling x2  
  26  2:12  Drone  
  26  2:15  Metabolic Boost  
  27  2:17  Drone  
  28  2:26  Zergling x2, Baneling Nest  
  28  2:35  Zergling x2  
  29  2:37  Zergling x2  
  29  2:40  Drone  
  31  2:46  Zergling x2  
  31  2:50  Zergling x2  
  33  2:54  Zergling x2  
  34  3:14  Zergling x4  
  34  3:15  Overlord  
  34  3:16  Overlord  
  36  3:33  Zergling x6, Queen  
  41  3:34  Zergling x2  
  41  3:35  Zergling x4  
  44  3:45  Zergling x2  
  44  3:46  Zergling x2  
  44  3:48  Zergling x6  
  48  4:04  Zergling x4  
  48  4:05  Zergling x2  
  48  4:19  Zergling x8  
  48  4:20  Zergling x4  
  49  4:25  Baneling x2  
Show
View Real Time Build Order
Export as new Build Order

Subwayeatn Zerg 

Build Orders: Hatch First 

Get SALT Encoding   

  12  0:00  Drone  
  13  0:11  Drone  
  14  0:16  Overlord  
  14  0:27  Extractor  
  14  0:28  Drone  
  14  0:34  Drone  
  16  0:50  Hatchery  
  16  0:54  Drone  
  16  0:56  Drone  
  17  0:59  Drone  
  18  1:14  Spawning Pool  
  18  1:16  Extractor  
  18  1:18  Drone  
  17  1:21  Drone  
  18  1:29  Drone  
  19  1:37  Overlord  
  19  1:55  Drone  
  20  2:02  Queen x2  
  24  2:16  Metabolic Boost  
  24  2:18  Zergling x6  
  24  2:19  Zergling x2  
  28  2:25  Drone  
  28  2:26  Drone  
  30  2:40  Queen  
  32  2:49  Overlord  
  32  2:51  Drone x3  
  35  3:09  Roach Warren  
  34  3:13  Drone  
  34  3:14  Drone x5  
  34  3:15  Extractor  
  39  3:37  Drone x2  
  39  3:38  Drone  
  39  3:39  Lair  
  39  3:40  Queen  
  44  3:43  Extractor  
  44  3:45  Zergling x2  
  44  3:53  Overlord x2  
  44  4:00  Evolution Chamber  
  42  4:08  Zergling x4, Roach  
  42  4:09  Zergling x6  
Tags
 
Add a new tag
Caveats
  • Supply blocks, unpowered buildings, or Contaminate may cause inaccurate times.
  • Supply counts are checked every 10 seconds.